MLB
ARIZONA DIAMONDBACKS @ LOS ANGELES (N) DODGERS
04/06/2042
 
TOP OF THE 1ST
Arizona Diamondbacks batting - Pitching for Los Angeles (N) Dodgers : RHP Josh Harris
Pitching: RHP Josh Harris
Batting: RHB Jim Williams 0-0: Ball
1-0: DOUBLE (Line Drive, 9LD, EV 106.3 MPH)
Batting: RHB Lou Jones 0-0: Foul Ball, location: 2F
0-1: Ball
1-1: Ball
2-1: Swinging Strike
2-2: Ball
3-2: Strikes out swinging
Batting: SHB Joe Harris 0-0: Called Strike
0-1: Ball
1-1: Called Strike
1-2: Fly out, F7 (Flyball, 7D, EV 101.9 MPH)
Batting: LHB Sancho Morán 0-0: Foul Ball, location: 2F
0-1: Ball
1-1: Ball
2-1: Ball
3-1: Fly out, F5 (Popup, 5, EV 63.1 MPH)
Top of the 1st over - 0 runs, 1 hit, 0 errors, 1 left on base; Arizona 0 - Los Angeles (N) 0
BOTTOM OF THE 1ST
Los Angeles (N) Dodgers batting - Pitching for Arizona Diamondbacks : RHP Ed Fitzmaurice
Pitching: RHP Ed Fitzmaurice
Batting: LHB Sean Williams 0-0: Ball
1-0: Ball
2-0: Ball
3-0: Called Strike
3-1: Fly out, F7 (Flyball, 78S, EV 86.9 MPH)
Batting: LHB António Moreno 0-0: Ground out U3 (Groundball, 3L, EV 85.6 MPH)
Batting: SHB Gonzo Ganjahlez 0-0: Ball
1-0: Foul Ball, location: 3SF
1-1: Ball
2-1: Ball
3-1: Called Strike
3-2: Strikes out looking
Bottom of the 1st over - 0 runs, 0 hits, 0 errors, 0 left on base; Arizona 0 - Los Angeles (N) 0
TOP OF THE 2ND
Arizona Diamondbacks batting - Pitching for Los Angeles (N) Dodgers : RHP Josh Harris
Batting: RHB Orlando Gómes 0-0: Called Strike
0-1: Fly out, F2 (Popup, 23F, EV 76.3 MPH)
Batting: LHB Tommy Rose 0-0: Called Strike
0-1: Called Strike
0-2: Foul Ball, location: 2F
0-2: Foul Ball, location: 3FF
0-2: Foul Ball, location: 3DF
0-2: Ball
1-2: Ball
2-2: DOUBLE (Line Drive, 7LD, EV 102.5 MPH)
Batting: RHB Teklu Malawa 0-0: Ball
1-0: Called Strike
1-1: Ball
2-1: Called Strike
2-2: Ground out 1-3 (Groundball, 13S, EV 71.9 MPH)
Tommy Rose to third
Batting: RHB Eddie Fields 0-0: Ball
Wild Pitch!
Tommy Rose scores
1-0: Ball
2-0: Ball
3-0: Base on Balls
Batting: LHB Cisco Silva 0-0: Ball
Eddie Fields steals 2nd base
1-0: Foul Ball, location: 5F
1-1: Ball
2-1: SINGLE (Groundball, 34D, EV 95.0 MPH)
Eddie Fields to third
Runner from 3rd tries for Home, SAFE, throw by RF to home
Batting: RHB Jim Williams 0-0: Foul Ball, location: 9LSF
0-1: Swinging Strike
0-2: Ball
1-2: Foul Ball, location: 5FF
1-2: Strikes out swinging
Top of the 2nd over - 2 runs, 2 hits, 0 errors, 1 left on base; Arizona 2 - Los Angeles (N) 0
BOTTOM OF THE 2ND
Los Angeles (N) Dodgers batting - Pitching for Arizona Diamondbacks : RHP Ed Fitzmaurice
Batting: RHB Abraão Vicente 0-0: Swinging Strike
0-1: Foul Ball, location: 5FF
0-2: Strikes out swinging
Batting: RHB Luis Yagues 0-0: Foul Ball, location: 2F
0-1: Ball
1-1: Foul Ball, location: 9LMF
1-2: SOLO HOME RUN (Flyball, 9D, EV 93.1 MPH), Distance : 365 ft
Batting: RHB José Vázquez 0-0: Ball
1-0: Ground out 5-3 (Groundball, 5S, EV 88.8 MPH)
Batting: SHB Leroy Brown 0-0: Ball
1-0: Ground out 4-3 (Groundball, 4, EV 84.4 MPH)
Bottom of the 2nd over - 1 run, 1 hit, 0 errors, 0 left on base; Arizona 2 - Los Angeles (N) 1
TOP OF THE 3RD
Arizona Diamondbacks batting - Pitching for Los Angeles (N) Dodgers : RHP Josh Harris
Batting: RHB Lou Jones 0-0: Ball
1-0: Fly out, F3 (Popup, 3S, EV 80.0 MPH)
Batting: SHB Joe Harris 0-0: Ball
1-0: Ball
2-0: Called Strike
2-1: Swinging Strike
2-2: Strikes out looking
Batting: LHB Sancho Morán 0-0: Called Strike
0-1: Ball
1-1: Ball
2-1: Foul Ball, location: 2F
2-2: SOLO HOME RUN (Flyball, 9LD, EV 100.0 MPH), Distance : 381 ft
Batting: RHB Orlando Gómes 0-0: Ball
1-0: Swinging Strike
1-1: Called Strike
1-2: Ball
2-2: Foul Ball, location: 9LDF
2-2: Foul Ball, location: 5FF
2-2: Ball
3-2: Foul Ball, location: 9LDF
3-2: SINGLE (Groundball, 4MD, EV 96.9 MPH)
Batting: LHB Tommy Rose 0-0: Ball
1-0: Foul Ball, location: 3F
1-1: Ball
2-1: Swinging Strike
2-2: DOUBLE (Flyball, 8LXD, EV 110.0 MPH)
Orlando Gómes to third
Runner from 3rd tries for Home, SAFE, throw by CF to trailing runner, SAFE at third!
Batting: RHB Teklu Malawa 0-0: Ball
1-0: Called Strike
1-1: Ball
2-1: Ball
3-1: Ground out 6-3 (Groundball, 6M, EV 84.4 MPH)
Top of the 3rd over - 2 runs, 3 hits, 0 errors, 1 left on base; Arizona 4 - Los Angeles (N) 1
BOTTOM OF THE 3RD
Los Angeles (N) Dodgers batting - Pitching for Arizona Diamondbacks : RHP Ed Fitzmaurice
Batting: RHB Rocky Hutchison 0-0: SINGLE (Line Drive, 89M, EV 84.4 MPH)
Batting: RHB T.J. Greenham 0-0: Called Strike
0-1: Ball
1-1: Ball
2-1: Called Strike
2-2: SINGLE (Line Drive, 34, EV 94.4 MPH)
Rocky Hutchison to second
Batting: LHB Sean Williams 0-0: Called Strike
0-1: Swinging Strike
0-2: Foul Ball, location: 5FF
0-2: Ball
1-2: Ball
2-2: Strikes out swinging
Batting: LHB António Moreno 0-0: Fly out, F9 (Line Drive, 9LM, EV 101.3 MPH)
Batting: SHB Gonzo Ganjahlez 0-0: Ball
1-0: Called Strike
1-1: Swinging Strike
1-2: Fly out, F7 (Flyball, 78M, EV 86.3 MPH)
Bottom of the 3rd over - 0 runs, 2 hits, 0 errors, 2 left on base; Arizona 4 - Los Angeles (N) 1
TOP OF THE 4TH
Arizona Diamondbacks batting - Pitching for Los Angeles (N) Dodgers : RHP Josh Harris
Batting: RHB Eddie Fields 0-0: Ball
1-0: Called Strike
1-1: Called Strike
1-2: Strikes out swinging
Batting: LHB Cisco Silva 0-0: Swinging Strike
0-1: Swinging Strike
0-2: Strikes out looking
Batting: RHB Jim Williams 0-0: Ball
1-0: Foul Ball, location: 5F
1-1: Ball
2-1: Ground out 5-3 (Groundball, 56, EV 87.5 MPH)
Top of the 4th over - 0 runs, 0 hits, 0 errors, 0 left on base; Arizona 4 - Los Angeles (N) 1
BOTTOM OF THE 4TH
Los Angeles (N) Dodgers batting - Pitching for Arizona Diamondbacks : RHP Ed Fitzmaurice
Batting: RHB Abraão Vicente 0-0: Called Strike
0-1: Foul Ball, location: 5F
0-2: Foul Ball, location: 2F
0-2: DOUBLE (Groundball, 5L, EV 103.1 MPH)
Batting: RHB Luis Yagues 0-0: Called Strike
0-1: Called Strike
0-2: Ball
1-2: Fly out, F9 (Line Drive, 89M, EV 97.5 MPH)
Batting: RHB José Vázquez 0-0: Foul Ball, location: 23F
0-1: Foul Ball, location: 5F
0-2: Ball
1-2: Ball
2-2: Foul Ball, location: 2F
2-2: Ball
3-2: Fly out, F4 (Popup, 3S, EV 90.0 MPH)
Batting: SHB Leroy Brown 0-0: Ball
1-0: Called Strike
1-1: Fly out, F7 (Flyball, 7LM, EV 96.3 MPH)
Bottom of the 4th over - 0 runs, 1 hit, 0 errors, 1 left on base; Arizona 4 - Los Angeles (N) 1
TOP OF THE 5TH
Arizona Diamondbacks batting - Pitching for Los Angeles (N) Dodgers : RHP Josh Harris
Batting: RHB Lou Jones 0-0: Called Strike
0-1: Ball
1-1: Ball
2-1: SOLO HOME RUN (Flyball, 7D, EV 99.4 MPH), Distance : 379 ft
Pitching: RHP Wally Larsen
Batting: SHB Joe Harris 0-0: Called Strike
0-1: Foul Ball, location: 7LMF
0-2: Ball
1-2: SOLO HOME RUN (Flyball, 7D, EV 100.0 MPH), Distance : 380 ft
Batting: LHB Sancho Morán 0-0: Called Strike
0-1: Foul Ball, location: 2F
0-2: Ball
1-2: Ball
2-2: Foul Ball, location: 2F
2-2: Foul Ball, location: 23F
2-2: Strikes out swinging
Batting: RHB Orlando Gómes 0-0: Called Strike
0-1: Ball
1-1: Foul Ball, location: 9LDF
1-2: Foul Ball, location: 5F
1-2: Strikes out swinging
Batting: LHB Tommy Rose 0-0: Ball
1-0: Called Strike
1-1: Fly out, F8 (Flyball, 8RXD, EV 109.4 MPH)
Top of the 5th over - 2 runs, 2 hits, 0 errors, 0 left on base; Arizona 6 - Los Angeles (N) 1
BOTTOM OF THE 5TH
Los Angeles (N) Dodgers batting - Pitching for Arizona Diamondbacks : RHP Ed Fitzmaurice
Batting: RHB Rocky Hutchison 0-0: DOUBLE (Flyball, 8LD, EV 103.1 MPH)
Batting: RHB T.J. Greenham 0-0: Called Strike
0-1: Called Strike
0-2: Ball
1-2: Ground out 4-3 (Groundball, 4M, EV 95.0 MPH)
Batting: LHB Sean Williams 0-0: Ground out U3 (Groundball, 3, EV 78.8 MPH)
Rocky Hutchison to third
Batting: LHB António Moreno 0-0: Ball
1-0: Ball
2-0: Called Strike
2-1: Ball
3-1: Foul Ball, location: 2F
3-2: DOUBLE (Line Drive, 7LS, EV 93.1 MPH)
Rocky Hutchison scores
Batting: SHB Gonzo Ganjahlez 0-0: Fly out, F9 (Flyball, 9D, EV 81.3 MPH)
Bottom of the 5th over - 1 run, 2 hits, 0 errors, 1 left on base; Arizona 6 - Los Angeles (N) 2
TOP OF THE 6TH
Arizona Diamondbacks batting - Pitching for Los Angeles (N) Dodgers : RHP Wally Larsen
Batting: RHB Teklu Malawa 0-0: Ball
1-0: Ball
2-0: Called Strike
2-1: Fly out, F9 (Flyball, 9D, EV 103.1 MPH)
Batting: RHB Eddie Fields 0-0: Ball
1-0: SINGLE (Line Drive, 9LS, EV 88.8 MPH)
Batting: LHB Cisco Silva 0-0: Called Strike
Eddie Fields steals 2nd base (no throw)
0-1: Fly out, F8 (Flyball, 8LM, EV 86.9 MPH)
Batting: RHB Jim Williams 0-0: Ball
1-0: Called Strike
1-1: Ball
2-1: Called Strike
2-2: Strikes out swinging
Top of the 6th over - 0 runs, 1 hit, 0 errors, 1 left on base; Arizona 6 - Los Angeles (N) 2
BOTTOM OF THE 6TH
Los Angeles (N) Dodgers batting - Pitching for Arizona Diamondbacks : RHP Ed Fitzmaurice
Batting: RHB Abraão Vicente 0-0: Fly out, F4 (Popup, 23, EV 94.4 MPH)
Batting: RHB Luis Yagues 0-0: Ball
1-0: Called Strike
1-1: Foul Ball, location: 23F
1-2: Foul Ball, location: 2F
1-2: Foul Ball, location: 23F
1-2: Foul Ball, location: 9LMF
1-2: Strikes out swinging
Batting: RHB José Vázquez 0-0: Ball
1-0: Foul Ball, location: 2F
1-1: Called Strike
1-2: Ball
2-2: Foul Ball, location: 2F
2-2: Foul Ball, location: 2F
2-2: SINGLE (Line Drive, 78S, EV 109.4 MPH)
Batting: SHB Leroy Brown 0-0: Called Strike
0-1: Ball
1-1: Foul Ball, location: 3SF
1-2: Fly out, F9 (Flyball, 9LS, EV 88.1 MPH)
Bottom of the 6th over - 0 runs, 1 hit, 0 errors, 1 left on base; Arizona 6 - Los Angeles (N) 2
TOP OF THE 7TH
Arizona Diamondbacks batting - Pitching for Los Angeles (N) Dodgers : RHP Wally Larsen
Batting: RHB Lou Jones 0-0: Ball
1-0: Swinging Strike
1-1: Ball
2-1: Foul Ball, location: 2F
2-2: Fly out, F3 (Popup, 3F, EV 66.9 MPH)
Batting: SHB Joe Harris 0-0: SOLO HOME RUN (Flyball, 8RXD, EV 107.5 MPH), Distance : 404 ft
Batting: LHB Sancho Morán 0-0: Called Strike
0-1: Called Strike
0-2: Strikes out swinging
Pitching: RHP Phil Watkins
Batting: RHB Orlando Gómes 0-0: Ground out 4-3 (Groundball, 34, EV 99.4 MPH)
Top of the 7th over - 1 run, 1 hit, 0 errors, 0 left on base; Arizona 7 - Los Angeles (N) 2
BOTTOM OF THE 7TH
Los Angeles (N) Dodgers batting - Pitching for Arizona Diamondbacks : RHP Ed Fitzmaurice
Batting: RHB Rocky Hutchison 0-0: Foul Ball, location: 2F
0-1: Called Strike
0-2: Foul Ball, location: 9LDF
0-2: Ball
1-2: Ball
2-2: Foul Ball, location: 25F
2-2: Ground out 6-3 (Groundball, 6, EV 102.5 MPH)
Batting: RHB T.J. Greenham 0-0: Ball
1-0: Ground out 5-3 (Groundball, 56, EV 90.6 MPH)
Batting: LHB Sean Williams 0-0: Foul Ball, location: 7LSF
0-1: Ball
1-1: Swinging Strike
1-2: Fly out, F8 (Flyball, 89M, EV 84.4 MPH)
Bottom of the 7th over - 0 runs, 0 hits, 0 errors, 0 left on base; Arizona 7 - Los Angeles (N) 2
TOP OF THE 8TH
Arizona Diamondbacks batting - Pitching for Los Angeles (N) Dodgers : RHP Phil Watkins
Batting: LHB Tommy Rose 0-0: Foul Ball, location: 5SF
0-1: Ball
1-1: Swinging Strike
1-2: Ball
2-2: Foul Ball, location: 5F
2-2: Strikes out looking
Batting: RHB Teklu Malawa 0-0: Foul Ball, location: 5F
0-1: Called Strike
0-2: Strikes out swinging
Batting: RHB Eddie Fields 0-0: Ball
1-0: Called Strike
1-1: Ball
2-1: Swinging Strike
2-2: Ball
3-2: Strikes out looking
Top of the 8th over - 0 runs, 0 hits, 0 errors, 0 left on base; Arizona 7 - Los Angeles (N) 2
BOTTOM OF THE 8TH
Los Angeles (N) Dodgers batting - Pitching for Arizona Diamondbacks : RHP Ed Fitzmaurice
Pitching: RHP Augusto Alvarado
Batting: LHB António Moreno 0-0: Ground out 6-3 (Groundball, 6, EV 86.3 MPH)
Batting: SHB Gonzo Ganjahlez 0-0: Ball
1-0: Ball
2-0: Foul Ball, location: 5F
2-1: SINGLE (Groundball, 4D, EV 106.9 MPH) (infield hit)
Batting: RHB Abraão Vicente 0-0: Ball
1-0: Called Strike
1-1: Swinging Strike
1-2: Strikes out looking
Batting: RHB Luis Yagues 0-0: Ball
1-0: Foul Ball, location: 9LSF
1-1: Fly out, F7 (Flyball, 78S, EV 85.6 MPH)
Bottom of the 8th over - 0 runs, 1 hit, 0 errors, 1 left on base; Arizona 7 - Los Angeles (N) 2
TOP OF THE 9TH
Arizona Diamondbacks batting - Pitching for Los Angeles (N) Dodgers : RHP Phil Watkins
Batting: LHB Cisco Silva 0-0: Ball
1-0: Foul Ball, location: 7LSF
1-1: Ball
2-1: Swinging Strike
2-2: Foul Ball, location: 2F
2-2: Strikes out swinging
Batting: RHB Jim Williams 0-0: Swinging Strike
0-1: Called Strike
0-2: Strikes out looking
Batting: RHB Lou Jones 0-0: Swinging Strike
0-1: Swinging Strike
0-2: Ball
1-2: Ball
2-2: Ball
3-2: Base on Balls
Batting: SHB Joe Harris 0-0: Foul Ball, location: 2F
0-1: Ball
1-1: Ball
2-1: Foul Ball, location: 2F
2-2: Fielders Choice at 2nd, U4 (Groundball, 4M, EV 109.4 MPH)
Top of the 9th over - 0 runs, 0 hits, 0 errors, 1 left on base; Arizona 7 - Los Angeles (N) 2
BOTTOM OF THE 9TH
Los Angeles (N) Dodgers batting - Pitching for Arizona Diamondbacks : RHP Augusto Alvarado
Batting: RHB José Vázquez 0-0: DOUBLE (Groundball, 5L, EV 103.8 MPH)
Batting: SHB Leroy Brown 0-0: Swinging Strike
0-1: Foul Ball, location: 2F
0-2: Ball
1-2: Foul Ball, location: 7LDF
1-2: Strikes out swinging
Batting: RHB Rocky Hutchison 0-0: SINGLE (Line Drive, 3D, EV 96.3 MPH)
José Vázquez to third
Batting: RHB T.J. Greenham 0-0: Foul Ball, location: 9LDF
0-1: Ball
1-1: Called Strike
1-2: DOUBLE (Groundball, 3L, EV 104.4 MPH)
José Vázquez scores
Rocky Hutchison to third
Pitching: LHP Lou Jackson
Batting: LHB Sean Williams 0-0: 3-RUN HOME RUN (Line Drive, 9D, EV 106.3 MPH), Distance : 398 ft
Batting: LHB António Moreno 0-0: Ball
1-0: Called Strike
1-1: Swinging Strike
1-2: Ground out U3 (Groundball, 3L, EV 110.0 MPH)
Batting: SHB Gonzo Ganjahlez 0-0: Hit by Pitch
Batting: RHB Abraão Vicente 0-0: Ball
1-0: Called Strike
1-1: Foul Ball, location: 5FF
1-2: Ball
2-2: Fly out, F8 (Flyball, 8LM, EV 90.0 MPH)
Bottom of the 9th over - 4 runs, 4 hits, 0 errors, 1 left on base; Arizona 7 - Los Angeles (N) 6
Friday, May 3rd , 2024 - OOTP Baseball 24.10 Build 82